 Dungeon Crawl Stone Soup version 0.25.0-11-g1f837a7 (webtiles) character file.

Game seed: 3349502387764553063

499 pmoppi the Ruffian (level 6, -7/62 HPs)
             Began as a Troll Monk on June 25, 2020.
             Killed by divine providence
             ... invoked by an orc priest
              (14 damage)
             ... on level 4 of the Dungeon.
             The game lasted 00:02:53 (2628 turns).

pmoppi the Ruffian (Troll Monk)                     Turns: 2628, Time: 00:02:54

Health: -7/62      AC:  8    Str: 20    XL:     6   Next: 94%
Magic:  5/5        EV: 11    Int:  8    God:
Gold:   199        SH:  0    Dex: 12    Spells: 5/5 levels left

rFire    . . .     SeeInvis .     - Unarmed
rCold    + . .     Gourm    +   (no shield)
rNeg     . . .     Faith    .   j - +2 robe {rC+}
rPois    .         Spirit   .   (helmet restricted)
rElec    .         Reflect  .   (no cloak)
rCorr    .         Harm     .   (gloves unavailable)
MR       .....                  (boots unavailable)
Stlth    ++........             (no amulet)
HPRegen  0.60/turn              (no ring)
MPRegen  0.09/turn              (no ring)

@: slowed, very slow
A: large, unfitting armour, claws 3, fast metabolism 3, gourmand, regeneration
1, shaggy fur 1, tough skin 3
a: no special abilities


You were on level 4 of the Dungeon.
You were full.

You visited 1 branch of the dungeon, and saw 4 of its levels.

You collected 199 gold pieces.

Inventory:

Armour
 j - a +2 robe of cold resistance (worn)
Jewellery
 k - an uncursed ring of positive energy {unknown}
 n - an uncursed ring of positive energy {unknown}
 r - an uncursed amulet of faith {unknown}
Wands
 q - a wand of flame (8)
Scrolls
 c - a scroll of fog {unknown}
 e - 2 scrolls of identify {unknown}
 g - a scroll of random uselessness {unknown}
 h - 5 scrolls of remove curse {unknown}
 l - a scroll of magic mapping {unknown}
 m - 2 scrolls of blinking {unknown}
 p - a scroll of enchant weapon {unknown}
Potions
 a - 2 potions of degeneration {unknown}
 d - a potion of stabbing {unknown}
 f - 3 potions of heal wounds {unknown}
 i - 3 potions of curing {unknown}
 o - a potion of flight {unknown}
 s - a potion of haste {unknown}
Comestibles
 b - 9 rations


   Skills:
 + Level 3.8 Fighting
 + Level 3.8 Dodging
 - Level 1.0 Stealth
 * Level 6.0 Unarmed Combat


You had 5 spell levels left.
You didn't know any spells.
Your spell library was empty.

Dungeon Overview and Level Annotations

Branches:
Dungeon (4/15)
 Temple: D:4-7

Altars:
Sif Muna
Trog
Yredelemnul


Innate Abilities, Weirdness & Mutations

You are too large for most types of armour.
You have claws for hands.
Your metabolism is lightning-fast.
You like to eat raw meat.
Your natural rate of healing is unusually fast.
You are covered in fur. (AC +1)
You have extremely tough skin. (AC +3)


Message History

Unknown command.
You completely miss the orc priest.
The orc wizard hits you with a +0 dagger.
* * * LOW HITPOINT WARNING * * *
The orc priest barely misses you.
The orc wizard gestures wildly while chanting.
The orc wizard seems to speed up.
The orc wizard hits you but does no damage.
The orc priest hits you but does no damage.
The orc wizard hits you with a cursed +0 dagger.
* * * LOW HITPOINT WARNING * * *
You scratch the orc priest.
The orc priest is moderately wounded.
The orc wizard barely misses you.
The orc wizard hits you but does no damage.
The orc wizard hits you with a +0 dagger.
* * * LOW HITPOINT WARNING * * *
The orc priest calls down the wrath of Beogh upon you.
Beogh smites you!
You die...

....... .......
... .......
..... .....
.....######....
.............#
..........o..+
.........o@..#
.........)o..#
......†......#
.............#
.............#
.............#
.............#
.............#
.............#


You could see an orc priest and 2 orc wizards.

Vanquished Creatures
  An ogre (D:4)
  A centaur (D:2)
  A crimson imp (D:3)
  An orc priest (D:4)
  An iguana (D:4)
  2 worker ants
  4 gnolls (D:3)
  7 adders
  4 worms (D:3)
  A dart slug (D:1)
  A leopard gecko (D:1)
  2 orcs
  4 ball pythons
  4 giant cockroaches
  2 gnoll zombies (D:2)
  12 hobgoblins
  4 jackals (D:1)
  A quokka (D:3)
  15 bats
  8 frilled lizards
  5 goblins
  9 kobolds
  A quokka skeleton (D:3)
  7 rats
98 creatures vanquished.

Notes
Turn   | Place    | Note
-------+----------+-------------------------------------------
     0 | D:1      | pmoppi the Troll Monk began the quest for the Orb.
     0 | D:1      | Reached XP level 1. HP: 22/22 MP: 0/0
   168 | D:1      | Reached XP level 2. HP: 29/29 MP: 1/1
   332 | D:1      | Reached XP level 3. HP: 34/36 MP: 2/2
   718 | D:2      | Noticed a centaur
   736 | D:2      | Killed a centaur
   736 | D:2      | Reached skill level 4 in Unarmed Combat
   736 | D:2      | Reached XP level 4. HP: 11/45 MP: 3/3
   961 | D:2      | Reached XP level 5. HP: 53/53 MP: 4/4
   980 | D:2      | Found a basalt altar of Yredelemnul.
  1081 | D:2      | Found a faded altar of an unknown god.
  1807 | D:3      | Reached skill level 5 in Unarmed Combat
  1900 | D:3      | Found a shimmering blue altar of Sif Muna.
  2124 | D:3      | Reached XP level 6. HP: 26/61 MP: 5/5
  2222 | D:3      | Found a bloodstained altar of Trog.
  2625 | D:4      | Reached skill level 6 in Unarmed Combat
  2628 | D:4      | Killed from afar by an orc priest

Illustrated notes

Levels and vault maps discovered:
D:1:      grunt_arrival_lava_bath, layout_basic
D:2:      layout_basic, lemuel_zombie_altar_yredelemnul,
          chequers_ecumenical_altar_grove
D:3:      layout_rooms, led_sif_book, overflow_temple_1_default
D:4:      layout_gridville, first_ration

Skill      XL: |  1  2  3  4  5  6 |
---------------+-------------------+-----
Fighting       | 3 |  3.8
Dodging        | 3 |  3.8
Unarmed Combat | 4 5 6 |  6.0
Stealth        | |  1.0

Action                   |  1- 3 |  4- 6 || total
-------------------------+-------+-------++-------
Melee: Unarmed           |    86 |   158 ||   244
       Punch             |     1 |     4 ||     5
 Stab: Sleeping          |     1 |     1 ||     2
  Eat: Chunk             |    12 |    15 ||    27
Armor: Robe              |    58 |    64 ||   122
Dodge: Dodged            |    65 |    99 ||   164
